 Dungeon Crawl Stone Soup version 0.20.1-1-g8b1a95d (webtiles) character file.

11 letownia2 the Grave Robber (level 2, -1/22 HPs)
             Began as a Deep Dwarf Necromancer on Dec 9, 2017.
             Slain by an adder (2 damage)
             ... on level 2 of the Dungeon.
             The game lasted 00:00:39 (198 turns).

letownia2 the Grave Robber (Deep Dwarf Necromancer)  Turns: 198, Time: 00:00:40

Health: -1/22      AC:  5    Str: 11    XL:     2   Next: 17%
Magic:  1/5        EV: 11    Int: 15    God:
Gold:   10         SH:  0    Dex: 13    Spells: 4/5 levels left

rFire    . . .     SeeInvis .   (no weapon)
rCold    . . .     Gourm    .   (no shield)
rNeg     . . .     Faith    .   f - +0 ring mail
rPois    .         Spirit   .   (no helmet)
rElec    .         Reflect  .   (no cloak)
rCorr    .         Harm     .   (no gloves)
MR       .....                  (no boots)
Stlth    +.........             (no amulet)
Regen    0.0/turn               (no ring)
MPRegen  0.1/turn               (no ring)

@: very slightly contaminated, non-regenerating
A: damage resistance, heal wounds, sense surroundings 1, no regeneration
a: Heal Wounds


You were on level 2 of the Dungeon.
You were not hungry.

You visited 1 branch of the dungeon, and saw 2 of its levels.

You collected 10 gold pieces.

Inventory:

Armour
 f - a +0 ring mail (worn)
Scrolls
 a - a scroll of remove curse {unknown}
 g - a scroll of identify {unknown}
Potions
 d - a potion of mutation {unknown}
 e - a potion of degeneration {unknown}
Books
 b - a book of Necromancy

   Spells                             Type                      Level
   a - Pain                           Necromancy                   1
   b - Animate Skeleton               Necromancy                   1
   c - Vampiric Draining              Necromancy                   3
   d - Regeneration                   Charms/Necromancy            3
   e - Animate Dead                   Necromancy                   4
   f - Control Undead                 Necromancy                   4
Comestibles
 c - 2 bread rations


   Skills:
 - Level 2.1 Dodging
 - Level 2.4 Stealth
 + Level 2.1 Spellcasting
 + Level 4.7 Necromancy


You had 4 spell levels left.
You knew the following spells:

 Your Spells              Type           Power        Failure   Level  Hunger
a - Pain                  Necr           ###.         8%          1    #......


Dungeon Overview and Level Annotations

Branches:
Dungeon (1/15)

Altars:


Innate Abilities, Weirdness & Mutations

You are resistant to damage.
You can heal yourself by infusing magical energy.
You passively map a small area around you.
You do not regenerate.


Message History

Confirm with . or Enter, or press ? or * to list all spells.
Aiming: Pain
Press: ? - help, Shift-Dir - straight line, f/p - adder
Aim: an adder (chance to defeat MR: 80%)
The adder writhes in agony!
Casting: Pain
Confirm with . or Enter, or press ? or * to list all spells.
Aiming: Pain
Press: ? - help, Shift-Dir - straight line, f/p - adder
Aim: an adder (heavily wounded, chance to defeat MR: 80%)
The adder writhes in agony!
Casting: Pain
Confirm with . or Enter, or press ? or * to list all spells.
Aiming: Pain
Press: ? - help, Shift-Dir - straight line, f/p - adder
Aim: an adder (severely wounded, chance to defeat MR: 80%)
You miscast Pain.
You are very lightly contaminated with residual magic.
You shiver with cold.
The adder bites you.
You die...

* , , .$..#
, #..(.
#..!# * ,
#...# ### ,
* #...#... ,
, #...#.# *
* #..S..# *
#@######.###
#...........
##.#####.###
*#.# * ###
#.# ..# * *
* *, #.#
**#.# , *
#.# #.# ###
, , , #.#
#.# #.. *#.#
#.# #.#


You could see an adder.

Vanquished Creatures
  An adder (D:2)
  A bat (D:2)
  A rat (D:2)
3 creatures vanquished.

Notes
Turn   | Place    | Note
-------+----------+-------------------------------------------
     0 | D:1      | letownia2 the Deep Dwarf Necromancer began the quest for the Orb.
     0 | D:1      | Reached XP level 1. HP: 15/15 MP: 3/3
     0 | D:1      | Noticed a centaur
     0 | D:1      | Noticed a naga
     2 | D:1      | Noticed a vine stalker
     2 | D:1      | Noticed a minotaur
     4 | D:1      | Noticed a gargoyle
     5 | D:1      | Noticed a naga
     8 | D:1      | Noticed a spriggan
    10 | D:1      | Noticed a vampire
    10 | D:1      | Noticed a spriggan
    12 | D:1      | Noticed a gargoyle
    14 | D:1      | Noticed an octopode
    14 | D:1      | Noticed a spriggan
    16 | D:1      | Noticed a gargoyle
    16 | D:1      | Noticed an elf
    18 | D:1      | Noticed a naga
    20 | D:1      | Noticed a naga
    38 | D:1      | You fall through a shaft!
   136 | D:2      | Reached XP level 2. HP: 1/22 MP: 0/5
   198 | D:2      | Slain by an adder

Skill      XL: |  1 |
---------------+----+-----
Spellcasting   | 2 |  2.1
Dodging        | |  2.1
Stealth        | |  2.4
Necromancy     | |  4.7

Action                   || total
-------------------------++-------
Melee: Unarmed           ||    18
 Cast: Pain              ||     9
Armor: Ring mail         ||     6
Dodge: Dodged            ||    11
